 Dungeon Crawl Stone Soup version 0.32-a0-607-g64ea0e4219 (webtiles) character file.

Game seed: 6723472028560820203

715 sleeves the Basher (level 7, -1/40 HPs)
             Began as a Gargoyle Reaver on Mar 4, 2024.
             Slain by a scorpion (4 damage)
             ... on level 4 of the Dungeon.
             The game lasted 00:07:47 (3041 turns).

sleeves the Basher (Gargoyle Reaver)                Turns: 3041, Time: 00:07:48

Health: -1/40      AC:  4    Str: 18    XL:     7   Next: 69%
Magic:  9/10       EV:  9    Int: 13    God:
Gold:   321        SH:  0    Dex:  8    Spells: 9/10 levels left

rFire   . . .        t - +2 whip (flame)
rCold   . . .        (no shield)
rNeg    + . .        e - +0 scale mail
rPois   ∞            h - +0 helmet
rElec   +            (no cloak)
rCorr   .            (no gloves)
SInv    .            f - +0 pair of boots
Will    .....        l - amulet of magic regeneration Stlth
                     (no ring)
HPRegen 0.26/turn    (no ring)
MPRegen 0.52/turn

%: no passive effects
@: corroded, very slightly contaminated
A: sickness immunity, AC +4, negative energy resistance 1, electricity
resistance, torment resistance 1, petrification resistance
a: no special abilities


You were on level 4 of the Dungeon.
You visited 1 branch of the dungeon, and saw 5 of its levels.

You collected 321 gold pieces.

Inventory:

Hand Weapons
 a - a +0 mace
 m - a +4 hand axe
   (You took it off an orc on level 4 of the Dungeon)
 t - a +2 whip of flaming (weapon)
   (You took it off Pikel on level 4 of the Dungeon)
Missiles
 c - a throwing net
 r - 6 poisoned darts
Armour
 e - a +0 scale mail (worn)
   (You found it on level 1 of the Dungeon)
 f - a +0 pair of boots (worn)
   (You found it on level 1 of the Dungeon)
 h - a +0 helmet (worn)
   (You found it on level 2 of the Dungeon)
Jewellery
 l - an amulet of magic regeneration (around neck)
   (You found it on level 3 of the Dungeon)
Wands
 o - a wand of warping (9)
   (You took it off Robin on level 4 of the Dungeon)
Scrolls
 b - a scroll of poison {unknown}
 d - a scroll of vulnerability {unknown}
 g - a scroll of enchant armour {unknown}
 i - a scroll of revelation {unknown}
 j - 3 scrolls of teleportation {unknown}
 k - 2 scrolls of identify {unknown}
 n - a scroll of silence {unknown}
Potions
 p - a potion of degeneration {unknown}
 q - a potion of heal wounds {unknown}
 s - 2 potions of ambrosia {unknown}


   Skills:
 - Level 2.1 Fighting
 + Level 8.8 Maces & Flails
 - Level 1.5 Dodging
 - Level 2.0 Spellcasting
 - Level 3.2 Conjurations


You had 9 spell levels left.
You knew the following spells:

 Your Spells              Type           Power      Damage    Failure   Level
a - Kiss of Death         Conj/Necr      20%        2d7       41%         1

Your spell library contained the following spells:

 Spells                   Type           Power      Damage    Failure   Level
 Momentum Strike          Conj/Tloc      10%        3d8       56%         2
 Sandblast                Erth           2%         2d4       65%         1
 Hailstorm                Conj/Ice       5%         3d5       80%         3
 Stone Arrow              Conj/Erth      10%        3d7       80%         3
 Passwall                 Erth           1%         N/A       95%         3
 Summon Ice Beast         Ice/Summ       1%         N/A       95%         3
 Brom's Barrelling Bould  Conj/Erth      5%         2d3       99%         4
 Sculpt Simulacrum        Ice/Alch       0%         N/A       100%        6


Dungeon Overview and Level Annotations

Branches:
Dungeon (5/15)
 Temple: D:4-7

Altars:

Shops:
D:1 (   D:4 :

Annotations:
D:2 Sigmund


Innate Abilities, Weirdness & Mutations

You are immune to sickness and miasma.
Your stone body is resilient. (AC +4)
You are immune to poison.
You resist negative energy. (rN+)
You are resistant to electric shocks. (rElec)
You are resistant to unholy torment.
You are immune to petrification.


Message History

There is a stone staircase leading up, spattered with blood here.
You see here a jackal corpse.
The jackal closely misses you. x2
You barely miss the jackal.
The jackal bites you but does no damage.
You hit the jackal but do no damage.
The jackal bites you but does no damage.
The kobold throws a stone.
The stone completely misses you.
The jackal bites you but does no damage.
You barely miss the jackal. The jackal closely misses you.
The jackal bites you but does no damage.
The kobold hits you but does no damage.
You hit the kobold.
You kill the kobold!
The jackal barely misses you.
The jackal bites you but does no damage.
You barely miss the jackal. The jackal closely misses you.
The jackal barely misses you. x2
The jackal bites you but does no damage.
You hit the jackal.
The jackal is moderately wounded.
The jackal barely misses you. The jackal closely misses you.
A hobgoblin comes into view. It is wielding a +1 sling of freezing.
The hobgoblin shouts!
You hit the jackal.
The jackal is heavily wounded.
The jackal bites you but does no damage. x2
The hobgoblin shoots a sling bullet.
The sling bullet hits you. The sling bullet freezes you.
The jackal barely misses you.
The jackal bites you but does no damage.
You closely miss the jackal.
The jackal is heavily wounded.
The jackal completely misses you. The jackal closely misses you.
You closely miss the jackal.
The jackal is heavily wounded.
The jackal bites you. The jackal barely misses you.
The hobgoblin unwields a +1 sling of freezing.
The hobgoblin misses you. The jackal barely misses you.
The jackal bites you but does no damage.
You hit the jackal.
You kill the jackal!
The jackal bites you but does no damage.
The hobgoblin barely misses you.
The jackal bites you but does no damage.
You hit the hobgoblin.
The hobgoblin is lightly wounded.
The hobgoblin hits you but does no damage.
The jackal closely misses you.
The hobgoblin hits you but does no damage.
You hit the hobgoblin but do no damage.
The hobgoblin is lightly wounded.
The jackal closely misses you. The jackal barely misses you.
The hobgoblin hits you but does no damage.
You hit the hobgoblin but do no damage.
The hobgoblin is lightly wounded.
The jackal bites you but does no damage.
The hobgoblin closely misses you.
The jackal bites you but does no damage.
You hit the hobgoblin.
The hobgoblin is almost dead.
The jackal bites you but does no damage.
The hobgoblin misses you.
You hit the hobgoblin.
You kill the hobgoblin!
The jackal bites you but does no damage.
The jackal barely misses you.
You barely miss the jackal. The jackal closely misses you. x2
You sock the jackal!
You kill the jackal!
No target in view!
No target in view!
No target in view!
No target in view!
No target in view!
No target in view!
HP restored.
You now have 128 gold pieces (gained 10).
You see here a +1 sling of freezing.
A hobgoblin comes into view.
Found 17 gold pieces.
The hobgoblin shouts!
A hobgoblin is nearby!
A hobgoblin is nearby!
The hobgoblin completely misses you.
You hit the hobgoblin.
The hobgoblin is almost dead.
The hobgoblin hits you but does no damage.
You closely miss the hobgoblin.
The hobgoblin is almost dead.
The hobgoblin hits you but does no damage.
An endoplasm comes into view.
You closely miss the hobgoblin.
The hobgoblin is almost dead.
The hobgoblin misses you.
You hit the hobgoblin but do no damage.
The hobgoblin is almost dead.
The hobgoblin closely misses you.
You hit the hobgoblin.
You kill the hobgoblin!
An endoplasm is nearby!
An endoplasm is nearby!
You hit the endoplasm.
The endoplasm is almost dead.
The endoplasm hits you.
You hit the endoplasm but do no damage.
The endoplasm is almost dead.
The endoplasm hits you but does no damage.
You hit the endoplasm but do no damage.
The endoplasm is almost dead.
The endoplasm barely misses you.
You hit the endoplasm but do no damage.
The endoplasm is almost dead.
The endoplasm closely misses you.
You barely miss the endoplasm.
The endoplasm is almost dead.
The endoplasm freezes you.
You are frozen.
You hit the endoplasm but do no damage.
The endoplasm is almost dead.
The endoplasm hits you but does no damage.
You sock the endoplasm!
You kill the endoplasm!
k - a scroll labelled OSOFEN ESKE You now have 141 gold pieces (gained 13).
You now have 158 gold pieces (gained 17).
A ball python and an endoplasm come into view.
The ball python hisses angrily.
The endoplasm quivers.
There are monsters nearby!
There are monsters nearby!
You see here 11 gold pieces.
You hit the endoplasm.
The endoplasm is almost dead.
The endoplasm freezes you.
You are frozen.
You hit the endoplasm but do no damage.
The endoplasm is almost dead.
The endoplasm barely misses you.
You completely miss the endoplasm.
The endoplasm is almost dead.
The endoplasm hits you but does no damage.
You sock the endoplasm!
You kill the endoplasm!
You hit the ball python.
You kill the ball python!
No target in view!
No target in view!
No target in view!
No target in view!
No target in view!
No target in view!
No target in view!
No target in view!
No target in view!
You now have 169 gold pieces (gained 11).
You see here a ball python corpse.
Found a stone staircase leading up.
Found a spear.
Found a helmet.
You see here a +0 spear.
You now have 188 gold pieces (gained 19).
A rat comes into view.
You see here a +0 helmet.
A rat is nearby!
The rat squeaks loudly.
The rat closely misses you.
You hit the rat.
The rat is moderately wounded.
The rat bites you but does no damage.
A goblin comes into view. It is wielding a staff of alchemy.
You closely miss the rat.
The rat is moderately wounded.
The rat bites you but does no damage. x2; The goblin closely misses you.
You hit the rat.
You kill the rat!
The goblin hits you but does no damage.
You hit the goblin.
The goblin is heavily wounded.
The goblin hits you but does no damage.
You hit the goblin.
You kill the goblin!
No target in view!
No target in view!
No target in view!
No target in view!
You now have 213 gold pieces (gained 25).
Things that are here:
a staff of alchemy; a goblin corpse
Found a stone staircase leading up and a stone staircase leading down.
Found a club.
There is a stone staircase leading up here.
Found an escape hatch in the ceiling.
Found 6 poisoned darts.
Found a stone staircase leading down.
l - an amulet of magic regeneration You start putting on your amulet.
You continue putting on your amulet of magic regeneration. x5
You finish putting on your amulet of magic regeneration.
l - an amulet of magic regeneration (around neck)
The amulet throbs as it attunes itself to your body.
You now have 229 gold pieces (gained 16).
There is an escape hatch in the ceiling here.
A malevolent force fills the Dungeon...
You fall into a shaft and drop 2 floors!
The shaft crumbles and collapses.
Found a dagger and a chain mail.
Found a stone staircase leading down.
There is a stone staircase leading down here.
Found a book of Geomancy.
Found an escape hatch in the ceiling.
You pick up a book of Geomancy and begin reading...
You add the spells Sandblast, Passwall, Stone Arrow and Brom's Barrelling Boulder to your library.
There is an escape hatch in the ceiling here.
A mysterious force pulls you upwards. The hatch slams shut behind you.
The orc shouts! x5
Found 15 gold pieces.
The orc attacks as it pursues you! The orc hits you but does no damage.
The orc attacks as it pursues you! The orc hits you but does no damage.
The adder misses you.
A giant cockroach comes into view.
The adder closely misses you.
You closely miss the adder. The adder barely misses you.
You hit the adder.
The adder is heavily wounded.
The adder bites you but does no damage. x2
You hit the giant cockroach.
The giant cockroach is almost dead.
The giant cockroach barely misses you. The adder barely misses you.
The giant cockroach barely misses you.
You sock the giant cockroach!
You kill the giant cockroach!
The adder bites you but does no damage. x2
You barely miss the adder.
The adder is heavily wounded.
The adder barely misses you.
You miss the adder.
The adder is heavily wounded.
The adder bites you but does no damage. x2
You miss the adder.
The adder is heavily wounded.
The adder bites you but does no damage.
You barely miss the adder.
The adder is heavily wounded.
The adder bites you but does no damage. x2
You closely miss the adder.
The adder is heavily wounded.
The adder bites you but does no damage.
You closely miss the adder.
The adder is heavily wounded.
The adder bites you. The adder barely misses you.
You hit the adder.
The adder is almost dead.
The adder barely misses you.
You barely miss the adder.
The adder is almost dead.
The adder closely misses you. The adder bites you but does no damage.
You hit the adder.
You kill the adder!
You hit the orc but do no damage. The orc hits you with a +0 hand axe.
The orc hits you but does no damage. The orc closely misses you.
The orc barely misses you.
You hit the orc but do no damage. The orc barely misses you.
The orc closely misses you.
You closely miss the orc. The orc completely misses you.
The orc hits you from afar with a +0 trident.
You hit the orc but do no damage. The orc closely misses you.
The orc hits you from afar with a +0 trident.
You barely miss the orc. The orc hits you with a +0 hand axe.
The orc hits you but does no damage.
You hit the orc.
The orc is moderately wounded.
The orc hits you but does no damage. The orc closely misses you.
You sock the orc!
You kill the orc!
The orc hits you from afar with a +0 trident.
You hit the orc but do no damage. The orc hits you but does no damage. x2
Press: ? - help, v - describe, . - travel, g - get item
Here: an orc, wielding a +0 dagger of draining and wearing a +0 leather armour
Items here: a +0 hand axe; a +0 ring mail.
The floor, spattered with blood.
Unknown command.
You closely miss the orc. The orc hits you but does no damage. x3
You hit the orc.
The orc is almost dead.
The orc barely misses you. The orc hits you but does no damage.
The orc misses you.
You hit the orc.
You kill the orc!
The orc hits you from afar with a +0 trident.
The orc barely misses you.
You barely miss the orc. The orc hits you but does no damage. x2
You sock the orc!
You kill the orc!
The orc hits you but does no damage.
You hit the orc.
The orc is heavily wounded.
The orc hits you from afar with a +0 trident!
* * * LOW HITPOINT WARNING * * *
The orc completely misses you.
Press: ? - help, v - describe, . - travel, g - get item
Here: an orc, wielding a +4 hand axe (heavily wounded)
Items here: ))) [[ ††.
The floor, spattered with blood.
You sock the orc!
You kill the orc!
The orc hits you but does no damage.
You have reached level 5!
The orc hits you with a +0 trident.
* * * LOW HITPOINT WARNING * * *
Items here: )))) [[ †††.
You hit the orc but do no damage. The orc hits you but does no damage.
The orc barely misses you.
You closely miss the orc. The orc barely misses you.
You sock the orc!
You kill the orc!
m - a +4 hand axe You start resting.
HP restored.
m - a +4 hand axe (weapon)
You swing at nothing.
You swing at nothing.
You now have 244 gold pieces (gained 15).
You now have 247 gold pieces (gained 3).
A ribbon worm comes into view.
Found 6 stones.
Found a stone staircase leading up.
A ribbon worm is nearby!
A ribbon worm is nearby!
The ribbon worm expels a string of sticky webbing.
The stream of webbing hits you but does no damage.
You are caught in a web!
There is a web here.
You are caught in a web!
You are caught in a web!
You are caught in a web!
You are caught in a web!
The web tears apart.
The ribbon worm expels a string of sticky webbing.
The stream of webbing hits you but does no damage.
You are caught in a web!
The web tears apart.
The ribbon worm bites you but does no damage.
You slash the ribbon worm!
The ribbon worm is heavily wounded.
The ribbon worm bites you but does no damage.
You slash the ribbon worm!
The ribbon worm is almost dead.
The ribbon worm expels a string of sticky webbing.
The stream of webbing hits you but does no damage.
You are caught in a web!
You are caught in a web!
You are caught in a web!
You are caught in a web!
You are caught in a web!
You are caught in a web!
You are caught in a web!
The web tears apart.
The ribbon worm bites you but does no damage.
You barely miss the ribbon worm.
The ribbon worm is severely wounded.
You hit the ribbon worm.
You kill the ribbon worm!
n - a scroll labelled IPPAFYSEVI You now have 254 gold pieces (gained 7).
An orc comes into view. It is wielding a +0 flail.
The orc moves out of view.
An orc wizard comes into view. It is wielding a +0 dagger.
An orc wizard is nearby!
An orc wizard is nearby!
The orc wizard shouts!
You hear a shout!
An orc comes into view. It is wielding a +0 club.
You start waiting.
An orc wizard is nearby!
You hit the orc wizard.
The orc wizard is moderately wounded.
You slash the orc wizard!
The orc wizard is almost dead.
You barely miss the orc.
The orc wizard hits you but does no damage.
The orc barely misses you.
You slash the orc wizard!
You kill the orc wizard!
You completely miss the orc. The orc hits you but does no damage.
You slash the orc!
You kill the orc!
You hit the orc.
The orc is severely wounded.
The orc hits you with a +0 flail.
You hit the orc.
You kill the orc!
No target in view!
An orc comes into view. It is wielding a +0 club.
An orc is nearby!
An orc is nearby!
The orc shouts!
The orc hits you but does no damage.
Things that are here:
a +0 flail; an orc corpse You slash the orc!
You kill the orc!
No target in view!
No target in view!
HP restored.
A goblin comes into view. It is wielding a +0 club.
The goblin shouts!
You hear a shout!
A goblin comes into view. It is wielding a +0 dagger.
A goblin comes into view. It is wielding a +0 club. x2
There are monsters nearby!
There are monsters nearby!
There are monsters nearby!
The goblin shouts! x2; You hear a shout! x2
A goblin comes into view. It is wielding a +0 dagger.
A hobgoblin comes into view.
A goblin comes into view. It is wielding a +0 dagger.
A goblin comes into view. It is wielding a +0 club.
The goblin shouts!
You hear a shout!
A goblin comes into view. It is wielding a +0 club.
You closely miss the goblin. The goblin hits you but does no damage.
You hit the goblin.
You kill the goblin!
The goblin barely misses you.
You closely miss the goblin. The goblin hits you with a +0 club.
You hit the goblin.
You kill the goblin!
You miss the goblin. The goblin barely misses you.
You miss the goblin. The goblin hits you but does no damage.
You hit the goblin.
You kill the goblin!
You hit the goblin.
You kill the goblin!
You barely miss the goblin. The goblin barely misses you.
The goblin hits you but does no damage.
You slash the goblin!
You kill the goblin!
You slash the goblin!
You kill the goblin!
No target in view!
No target in view!
No target in view!
No target in view!
No target in view!
No target in view!
No target in view!
No target in view!
No target in view!
Items here: )))))) ††††††.
The hobgoblin shouts!
You hear a shout!
There are monsters nearby!
There are monsters nearby!
The goblin shouts!
A goblin comes into view. It is wielding a +0 club.
The goblin shouts!
Robin of the Strong Arm comes into view.
They are wielding a +0 spear and carrying a wand of warping.
A goblin comes into view. It is wielding a +0 club.
Robin says, "Feeling lonely?"
Robin throws the goblin at you!
The goblin shouts!
The hobgoblin attacks as it pursues you!
The hobgoblin barely misses you. The goblin barely misses you.
Items here: )))))) ††††††.
The goblin unwields a +0 club.
The goblin wields a +0 sling.
The goblin shoots a sling bullet.
The sling bullet barely misses you.
You closely miss the hobgoblin.
The hobgoblin hits you but does no damage.
You closely miss the hobgoblin. The hobgoblin closely misses you.
You closely miss the hobgoblin.
The hobgoblin hits you but does no damage.
You slash the hobgoblin!
You kill the hobgoblin!
You hit the goblin.
The goblin is heavily wounded.
The goblin barely misses you.
You barely miss the goblin.
The goblin is moderately wounded.
The goblin hits you with a +0 club. Robin throws the goblin at you!
You slash the goblin!
You kill the goblin!
You hit the goblin. The goblin hits you but does no damage.
Robin says, "My goblins will feast on your bones."
The goblin barely misses you.
You hit the goblin.
You kill the goblin!
The goblin shoots a sling bullet.
The sling bullet hits you but does no damage.
Robin roars a battlecry!
The goblins go into a battle-frenzy!
Your Maces & Flails skill increases to level 6!
You hit the goblin.
You kill the goblin!
The goblin shoots a sling bullet.
The sling bullet completely misses you.
You barely miss the goblin. The goblin closely misses you.
Robin throws the goblin at you!
The goblin unwields a +0 sling.
The goblin wields a +0 club.
The goblin closely misses you.
You hit the goblin.
You kill the goblin!
You hit the goblin.
You kill the goblin!
Robin barely misses you. Robin closely misses you.
Items here: ))))))))) †††††††.
You hit Robin.
Robin is lightly wounded.
Robin hits you with a +0 spear.
You hit Robin.
Robin is moderately wounded.
Robin hits you but does no damage.
You slash Robin!
Robin is severely wounded.
Robin barely misses you. x2
You slash Robin!
You kill Robin!
No target in view!
No target in view!
No target in view!
No target in view!
o - a wand of warping (9)
Items here: ) [[ †.
Okay, then.
You now have 272 gold pieces (gained 18).
An endoplasm comes into view.
You see here a scroll labelled OSOFEN ESKE.
An endoplasm is nearby!
An endoplasm is nearby!
An endoplasm is nearby!
The endoplasm quivers.
You barely miss the endoplasm.
The endoplasm hits you but does no damage.
You slash the endoplasm!
You kill the endoplasm!
No target in view!
No target in view!
No target in view!
No target in view!
No target in view!
k - 2 scrolls labelled OSOFEN ESKE (gained 1)
You now have 286 gold pieces (gained 14).
j - 3 scrolls labelled PENADOCIURPH (gained 1)
You pick up a book of the Tundra and begin reading...
You add the spells Summon Ice Beast and Sculpt Simulacrum to your library.
Found 9 stones.
Found 6 stones.
You see here 9 stones.
A kobold comes into view. It is wielding a +0 dagger.
The kobold moves out of view.
A kobold is nearby!
A kobold is nearby!
Found a stone staircase leading up.
You barely miss the kobold. The kobold hits you but does no damage.
You barely miss the kobold. The kobold hits you but does no damage.
You closely miss the kobold. The kobold hits you but does no damage.
You barely miss the kobold. The kobold hits you with a +0 dagger.
You slash the kobold!
You kill the kobold!
No target in view!
No target in view!
No target in view!
Found a stone staircase leading down.
There is a stone staircase leading up here.
You climb upwards.
There is a stone staircase leading down here.
Items here: ( ) ÷÷.
There is a stone staircase leading up, spattered with blood here.
You see here a jackal skeleton.
You now have 291 gold pieces (gained 5).
You now have 298 gold pieces (gained 7).
An orc wizard comes into view. It is wielding a +0 dagger.
Found a serpent talisman.
The orc wizard shouts!
You hear a shout!
An orc comes into view.
It is wielding a +2 falchion of electrocution.
An orc comes into view. It is wielding a +0 hand axe.
There are monsters nearby!
There are monsters nearby!
There are monsters nearby!
The orc shouts!
An orc is nearby!
You start waiting.
An orc wizard is nearby!
You start waiting.
An orc wizard is nearby!
The orc wizard closely misses you.
You slash the orc wizard!
The orc wizard is heavily wounded.
The orc wizard completely misses you.
You closely miss the orc wizard.
The orc wizard is heavily wounded.
The orc wizard hits you but does no damage.
You barely miss the orc wizard.
The orc wizard is heavily wounded.
The orc wizard hits you but does no damage.
You slash the orc wizard!
You kill the orc wizard!
You slash the orc!
You kill the orc!
No target in view!
No target in view!
No target in view!
No target in view!
No target in view!
No target in view!
No target in view!
No target in view!
No target in view!
No target in view!
No target in view!
No target in view!
No target in view!
Items here: )) [ †.
Okay, then.
You see here a serpent talisman.
p - a silvery potion A ball python comes into view.
A ball python is nearby!
A ball python is nearby!
You completely miss the ball python. The ball python barely misses you.
The ball python grabs you. The ball python constricts you.
You barely miss the ball python.
The ball python bites you but does no damage.
The ball python constricts you.
You slash the ball python!
You kill the ball python!
No target in view!
No target in view!
No target in view!
No target in view!
No target in view!
No target in view!
Found a robe.
A quokka comes into view.
A quokka is nearby!
The quokka bites you but does no damage.
You hit the quokka.
You kill the quokka!
No target in view!
No target in view!
No target in view!
No target in view!
No target in view!
No target in view!
You see here a quokka corpse.
An orc is nearby!
An orc is nearby!
An orc comes into view. It is wielding a +0 trident.
An orc wizard comes into view. It is wielding a +0 dagger.
The orc hits you with a +0 hand axe.
You hit the orc.
The orc is severely wounded.
The orc hits you with a +0 hand axe.
You hit the orc.
You kill the orc!
The orc hits you but does no damage. The orc hits you but does no damage.
You slash the orc!
You kill the orc!
You hit the orc wizard.
The orc wizard is moderately wounded.
The orc wizard hits you but does no damage.
You hit the orc wizard but do no damage.
The orc wizard is moderately wounded.
The orc wizard barely misses you.
You hit the orc wizard.
The orc wizard is severely wounded.
The orc wizard points at you and mumbles some strange words.
You are confused.
You are too confused!
You are too confused!
You are too confused!
You are too confused!
You are too confused!
The orc wizard hits you with a +0 dagger.
The orc wizard hits you but does no damage.
Things that are here:
a +0 hand axe; a +0 chain mail You slash the orc wizard!
You kill the orc wizard!
You have reached level 6!
Unknown command.
Unknown command.
Found a club.
Things that are here:
a +0 dagger; a +0 robe; an orc corpse You bump into the rock wall.
You feel less confused.
Found an amethyst potion.
You now have 303 gold pieces (gained 5).
Things that are here:
a +0 trident; an orc corpse
Things that are here:
a +0 dagger; a +0 robe; an orc corpse
Things that are here:
a +0 hand axe; a +0 chain mail HP restored.
q - an amethyst potion
Found a chain mail.
Found 4 stones.
Key pressed, stopping explore.
You see here a +0 chain mail.
Key pressed, stopping explore.
Things that are here:
a +0 trident; an orc corpse You see here a serpent talisman.
You see here a quokka corpse.
Found a club.
Search for what [? for help]? mace Search for what [Enter for "mace", or ? for help]? dar
Things that are here:
a +0 leather armour; a +0 club You see here a jackal skeleton.
Items here: ( ) ÷÷.
You see here 6 poisoned darts.
r - 6 poisoned darts You see here a +0 short sword.
A ball python comes into view.
The ball python hisses angrily.
A kobold comes into view. It is wielding a +0 short sword.
There are monsters nearby!
There are monsters nearby!
There are monsters nearby!
The kobold shouts!
A goblin comes into view. It is wielding a +0 dagger.
The goblin shouts!
You slash the ball python!
You kill the ball python!
A goblin comes into view. It is wielding a +0 dagger.
The goblin shouts!
You see here a ball python corpse.
Found a stone staircase leading down.
The kobold barely misses you.
You closely miss the goblin. You hit the kobold.
The kobold hits you with a +0 short sword.
The goblin hits you but does no damage.
You slash the kobold!
You kill the kobold!
You closely miss the goblin. The goblin hits you but does no damage.
You closely miss the goblin. You hit the goblin. The goblin closely misses you.
The goblin hits you but does no damage.
You hit the goblin.
You kill the goblin!
You slash the goblin!
You kill the goblin!
No target in view!
No target in view!
No target in view!
No target in view!
No target in view!
No target in view!
No target in view!
No target in view!
No target in view!
No target in view!
No target in view!
No target in view!
No target in view!
No target in view!
No target in view!
Things that are here:
a +0 dagger; a +0 short sword; a goblin corpse You see here a +0 dagger.
Found an escape hatch in the floor.
Done exploring.
Done exploring.
Done exploring.
Done exploring.
There is a stone staircase leading down here.
You climb downwards.
The ball python hisses angrily.
There is a stone staircase leading up here.
A ball python is nearby!
The ball python bites you but does no damage.
You slash the ball python!
You kill the ball python!
No target in view!
No target in view!
A hobgoblin comes into view.
The hobgoblin shouts!
A quokka comes into view.
There are monsters nearby!
There are monsters nearby!
You barely miss the hobgoblin. The hobgoblin barely misses you.
You slash the hobgoblin!
You kill the hobgoblin!
The quokka bites you but does no damage.
You hit the quokka.
The quokka is heavily wounded.
The quokka closely misses you.
You closely miss the quokka.
The quokka is heavily wounded.
The quokka bites you.
You hit the quokka.
You kill the quokka!
No target in view!
No target in view!
No target in view!
No target in view!
No target in view!
No target in view!
No target in view!
No target in view!
HP restored.
You see here a hobgoblin corpse.
You now have 321 gold pieces (gained 18).
s - 2 lumpy puce potions
Found a stone staircase leading down.
There is a stone staircase leading down here.
There is a shaft here.
You see here a staff of air.
Items here: ))) ÷÷.
Items here: ))))))))) ÷÷÷÷÷÷÷.
Items here: ) [[ ÷.
Found a stone staircase leading down.
Found Napiq's Self-Improvement Boutique.
There is an entrance to Napiq's Self-Improvement Boutique here.
You can access your shopping list by pressing '$'.
Okay, then.
You can access your shopping list by pressing '$'.
Done exploring.
Done exploring.
Done exploring.
No target in view!
There is a stone staircase leading down here.
You climb downwards.
Pikel shouts!
The lemure shouts! x4
The jelly quivers.
Found a robe.
Found a stone staircase leading down.
There is a stone staircase leading up here.
There are monsters nearby!
Pikel barely misses you. The lemure hits you but does no damage.
You climb upwards.
There is a stone staircase leading down here.
Pikel attacks as he pursues you! Pikel barely misses you.
The lemure hits you but does no damage. Pikel attacks as he pursues you!
Pikel misses you.
Press: ? - help, v - describe, . - travel
Here: Pikel, wielding a +2 whip of flaming and wearing a +0 robe The floor.
The lemure attacks as it pursues you! The lemure hits you!
Okay, then.
Okay, then.
The lemure attacks as it pursues you! The lemure closely misses you.
Okay, then.
Unknown command.
You slash the lemure!
The lemure is moderately wounded.
The lemure hits you but does no damage.
You hit the lemure.
The lemure is moderately wounded.
The lemure barely misses you.
You slash the lemure!
The lemure is heavily wounded.
The lemure hits you but does no damage. x2
You hit the lemure.
The lemure is severely wounded.
The lemure hits you but does no damage.
You closely miss the lemure.
The lemure is severely wounded.
The lemure hits you but does no damage.
You barely miss the lemure.
The lemure is severely wounded.
The lemure hits you but does no damage.
You hit the lemure.
The lemure is severely wounded.
The lemure closely misses you.
You barely miss the lemure.
The lemure is severely wounded.
The lemure hits you but does no damage.
You hit the lemure but do no damage.
The lemure is severely wounded.
The lemure completely misses you.
You hit the lemure.
The lemure is almost dead.
The lemure hits you but does no damage.
You closely miss the lemure.
The lemure is almost dead.
The lemure hits you but does no damage. The lemure hits you.
You hit the lemure.
You kill the lemure!
That felt strangely unrewarding.
Pikel hits you but does no damage.
You barely miss Pikel. Pikel hits you but does no damage.
You slash Pikel!
Pikel is lightly wounded.
Pikel closely misses you.
You closely miss Pikel.
Pikel is lightly wounded.
Pikel hits you with a +2 whip of flaming.
Pikel burns you.
You hit Pikel.
Pikel is moderately wounded.
Pikel hits you but does no damage.
You hit Pikel but do no damage.
Pikel is moderately wounded.
Pikel hits you with a +2 whip of flaming.
Pikel burns you.
You hit Pikel.
Pikel is heavily wounded.
Pikel hits you but does no damage.
You closely miss Pikel.
Pikel is heavily wounded.
Pikel hits you but does no damage. x2
You hit Pikel.
Pikel is heavily wounded.
Pikel barely misses you.
You closely miss Pikel.
Pikel is heavily wounded.
Pikel closely misses you.
You closely miss Pikel.
Pikel is heavily wounded.
Pikel closely misses you.
You hit Pikel.
Pikel is heavily wounded.
Pikel hits you but does no damage.
You slash Pikel!
Pikel is severely wounded.
Pikel hits you but does no damage.
You closely miss Pikel.
Pikel is severely wounded.
Pikel hits you with a +2 whip of flaming.
* * * LOW HITPOINT WARNING * * *
Pikel burns you.
* * * LOW HITPOINT WARNING * * *
You miss Pikel.
Pikel is severely wounded.
Pikel completely misses you.
You hit Pikel but do no damage.
Pikel is severely wounded.
Pikel closely misses you.
You hit Pikel.
Pikel is almost dead.
Pikel hits you with a +2 whip of flaming.
* * * LOW HITPOINT WARNING * * *
Pikel burns you.
* * * LOW HITPOINT WARNING * * *
Pikel hits you but does no damage.
You slash Pikel!
You kill Pikel!
Your Maces & Flails skill gained 2 levels and is now at level 8!
You have reached level 7!
Things that are here:
a +2 whip of flaming; a +0 robe
t - a +2 whip of flaming Your +2 whip of flaming bursts into flame!
t - a +2 whip of flaming (weapon)
HP restored.
Done exploring.
Done exploring.
Done exploring.
Done exploring.
There is a stone staircase leading down here.
You climb downwards.
The jelly hits you but does no damage.
The scorpion stings you but does no damage.
The jelly hits you. The acid corrodes you!
You are splashed with acid!
There is a stone staircase leading up here.
The scorpion closely misses you. The jelly completely misses you.
You climb upwards.
There is a stone staircase leading down here.
The scorpion attacks as it pursues you! The scorpion stings you.
The jelly barely misses you. The jelly hits you but does no damage.
Okay, then.
You barely miss the jelly. You hit the jelly. You burn the jelly.
The acid corrodes you!
Your hands burn!
The jelly is heavily wounded.
The jelly barely misses you.
You hit the jelly. You burn the jelly.
Your hands burn!
The jelly is severely wounded.
The jelly hits you but does no damage.
You hit the jelly but do no damage.
Your hands burn!
The jelly is severely wounded.
You hit the jelly but do no damage.
Your hands burn!
* * * LOW HITPOINT WARNING * * *
The jelly is severely wounded.
The jelly misses you.
You hit the jelly. You burn the jelly.
You kill the jelly!
You hit the scorpion but do no damage. The scorpion closely misses you.
You hit the scorpion but do no damage. You barely miss the scorpion.
The scorpion closely misses you.
You hit the scorpion but do no damage.
The scorpion stings you but does no damage.
You closely miss the scorpion. The scorpion stings you.
* * * LOW HITPOINT WARNING * * *
You hit the scorpion but do no damage. The scorpion stings you.
* * * LOW HITPOINT WARNING * * *
You hit the scorpion but do no damage. You barely miss the scorpion.
The scorpion completely misses you.
You hit the scorpion but do no damage. The scorpion stings you.
* * * LOW HITPOINT WARNING * * *
You hit the scorpion but do no damage.
The scorpion stings you but does no damage.
You barely miss the scorpion. The scorpion closely misses you.
You hit the scorpion but do no damage. You hit the scorpion but do no damage.
The scorpion barely misses you.
You closely miss the scorpion. The scorpion stings you.
* * * LOW HITPOINT WARNING * * *
You hit the scorpion. You burn the scorpion.
The scorpion is lightly wounded.
The scorpion stings you!
* * * LOW HITPOINT WARNING * * *
Aiming: Kiss of Death (safe; 41% risk of failure)
Press: ? - help, Q - select action, (/) - cycle Shift-Dir - straight line, f - scorpion
Aim: a scorpion (lightly wounded, 100% to hit)
You miscast Kiss of Death.
You are very lightly contaminated with residual magic.
Nothing appears to happen.
The scorpion stings you.
You die...

######....##
#≈≈≈.≈≈≈.#
...#...####
##≈≈.≈≈### .....###
####### .....#
.....###
.......#########
.....#.......[.###
.....##.######...##
....###.#
###@.######
.....##.# ##s#....#
.....##.# #.#....#
.....##.# #......#
.....##.# ##>.(..#
........# ###)...#
.....####
####......# ...###
####....#....# ####
#..(.####...<#


You could see a scorpion.

Vanquished Creatures
  Pikel (D:4)
  A lemure (D:4)
  A jelly (D:4)
  3 orc wizards
  Robin (D:4)
  3 adders
  2 ribbon worms
  2 dart slugs (D:1)
  12 orcs
  2 bats
  6 endoplasms
  A giant cockroach (D:4)
  22 goblins
  11 hobgoblins
  11 jackals
  6 kobolds
  2 quokkas
  8 ball pythons
  A frilled lizard (D:2)
  8 rats
104 creatures vanquished.

Notes
Turn   | Place    | Note
-------+----------+-------------------------------------------
     0 | D:1      | sleeves the Gargoyle Reaver began the quest for the Orb.
     0 | D:1      | Reached XP level 1. HP: 12/12 MP: 3/3
    46 | D:1      | HP: 6/12 [dart slug (2)]
   102 | D:1      | Reached XP level 2. HP: 17/17 MP: 5/5
   237 | D:1      | Reached skill level 4 in Maces & Flails
   330 | D:1      | Found Dashrorugo's Weapon Shoppe.
   366 | D:1      | Reached XP level 3. HP: 21/21 MP: 6/6
   860 | D:2      | Noticed Sigmund
  1152 | D:2      | Reached XP level 4. HP: 26/26 MP: 7/7
  1366 | D:2      | Reached skill level 5 in Maces & Flails
  1767 | D:3      | You fall into a shaft and drop 2 floors!
  1767 | D:5      | Entered Level 5 of the Dungeon
  1851 | D:4      | HP: 10/26 [orc/+0 trident (7)]
  1853 | D:4      | Reached XP level 5. HP: 11/30 MP: 8/8
  2093 | D:4      | Noticed Robin
  2105 | D:4      | Reached skill level 6 in Maces & Flails
  2112 | D:4      | Killed Robin
  2351 | D:3      | Reached XP level 6. HP: 30/35 MP: 9/9
  2775 | D:4      | Found Napiq's Self-Improvement Boutique.
  2857 | D:5      | Noticed Pikel
  2892 | D:4      | HP: 14/35 [Pikel/+2 whip of flaming (6)]
  2896 | D:4      | Killed Pikel
  2897 | D:4      | Reached skill level 8 in Maces & Flails
  2897 | D:4      | Reached XP level 7. HP: 12/40 MP: 10/10
  3023 | D:4      | HP: 16/40 [acid (5)]
  3030 | D:4      | HP: 15/40 [scorpion (3)]
  3039 | D:4      | HP: 9/40 [scorpion (2)]
  3040 | D:4      | HP: 2/40 [scorpion (7)]
  3041 | D:4      | Slain by a scorpion

Illustrated notes

Levels and vault maps discovered:
D:1:      dpeg_arrival_simpleton_c, layout_basic, serial_shops,
          nicolae_shop_tiny_waterfront
D:2:      layout_loops_ring, serial_bayou, serial_bayou_shore_b,
          serial_bayou_pond_e, serial_bayou_pond_e, serial_bayou_pond_e,
          uniq_sigmund, uniq_crazy_yiuf_cottage
D:3:      layout_rooms, serial_glass, glass_columns_b, glass_columns_b,
          glass_columns_b, glass_columns_a
D:4:      layout_rooms, nicolae_shop_self_help, uniq_robin
D:5:      layout_cave_pods, minmay_temple_entry_slanted, minivault_23,
          nicolae_elevator_lobby_asterisk, uniq_pikel, uniq_ijyb

Skill      XL: |  1  2  3  4  5  6 |
---------------+-------------------+-----
Maces & Flails | 4 5 6 8 |  8.8
Fighting       | |  2.1
Dodging        | |  1.5
Spellcasting   | |  2.0
Conjurations   | |  3.2

Action                     |  1- 3 |  4- 6 |  7- 9 || total
---------------------------+-------+-------+-------++-------
  Melee: Mace              |   150 |   122 |       ||   272
         Hand axe          |       |   100 |       ||   100
         Whip              |       |       |    21 ||    21
 Armour: Leather armour    |     4 |       |       ||     4
         Scale mail        |   133 |   192 |    14 ||   339
         Ring mail         |    14 |       |       ||    14
  Dodge: Dodged            |    81 |   136 |    10 ||   227

Table legend: (Time is in decaauts)
 A = Elapsed time spent in this place.
 B = Non-inter-level travel time spent in this place.
 C = Inter-level travel time spent in this place.
 D = Time resting spent in this place.
 E = Time spent auto-exploring this place.
 F = Levels seen in this place.
 G = Mean time per level.
                   A        B        C        D        E       F      G
               +--------+--------+--------+--------+--------+-----+--------+
         Total |   3098 |   2757 |    341 |     98 |   1837 |   5 |  619.6 |
       Dungeon |   3098 |   2757 |    341 |     98 |   1837 |   5 |  619.6 |
               +--------+--------+--------+--------+--------+-----+--------+

Top non-repeatable levels by time:
     D:4: 844 daAuts
     D:1: 843 daAuts
     D:2: 705 daAuts
     D:3: 653 daAuts
     D:5: 52 daAuts
